 Dungeon Crawl Stone Soup version 0.31-a0-200-gbc41564c69 (webtiles) character file.

Game seed: 3377761669457404382

35 qw the Shooter (level 3, -4/20 HPs)
             Began as a Deep Elf Hunter on June 25, 2023.
             Slain by a gnoll
             ... wielding a +0 club
              (5 damage)
             ... on level 2 of the Dungeon.
             The game lasted 00:00:22 (1343 turns).

qw the Shooter (Deep Elf Hunter)                    Turns: 1343, Time: 00:00:23

Health: -4/20      AC:  6    Str: 10    XL:     3   Next: 17%
Magic:  5/5        EV:  9    Int: 13    God:
Gold:   52         SH:  0    Dex: 18    Spells: 2/2 levels left

rFire   . . .        Y - +0 shortbow
rCold   . . .        (shield currently unavailable)
rNeg    . . .        e - +0 scale mail
rPois   .            (no helmet)
rElec   .            (no cloak)
rCorr   .            (no gloves)
SInv    .            (no boots)
Will    .....        (no amulet)
Stlth   +            (no ring)
HPRegen 0.23/turn    (no ring)
MPRegen 0.09/turn

%: no passive effects
@: no status effects
A: no striking features
a: no special abilities


You were on level 2 of the Dungeon.
You visited 1 branch of the dungeon, and saw 2 of its levels.

You collected 52 gold pieces.


   Skills:
 - Level 1.5 Fighting
 + Level 6.8 Ranged Weapons
 - Level 2.4 Dodging
 - Level 1.2 Stealth


You had 2 spell levels left.
You didn't know any spells.
Your spell library was empty.

Inventory:

Hand Weapons
 Y - a +0 shortbow (weapon)
Armour
 e - a +0 scale mail (worn)
Scrolls
 a - a scroll of immolation {unknown}
Potions
 f - a potion of curing
 g - a potion of heal wounds {unknown}

Dungeon Overview and Level Annotations

Branches:
Dungeon (2/15)

Altars:


Message History

Found a scroll labelled SAITRUMMYJ.
Found a stone staircase leading down.
There is a stone staircase leading up here.
A goblin is nearby!
Waypoint 1 assigned to D:2.
You shoot an arrow. The arrow hits the goblin.
The goblin is moderately wounded.
You shoot an arrow. The arrow hits the goblin.
You kill the goblin!
An endoplasm comes into view.
The endoplasm quivers.
You shoot an arrow. The arrow hits the endoplasm.
The endoplasm is heavily wounded.
You shoot an arrow. The arrow hits the endoplasm.
The endoplasm is heavily wounded.
The endoplasm jiggles.
You shoot an arrow. The arrow hits the endoplasm.
You kill the endoplasm!
Found a stone staircase leading up.
a - a scroll labelled SAITRUMMYJ A frilled lizard comes into view.
The frilled lizard hisses angrily.
The frilled lizard hisses.
You shoot an arrow. The arrow misses the frilled lizard.
A gnoll comes into view. It is wielding a +0 club.
The frilled lizard bites you.
You shoot an arrow. The arrow hits the frilled lizard.
You kill the frilled lizard!
You shoot an arrow. The arrow closely misses the gnoll.
The gnoll closely misses you.
You shoot an arrow. The arrow hits the gnoll.
The gnoll is lightly wounded.
The gnoll hits you with a +0 club! The gnoll hits you with a +0 club.
You shoot an arrow. The arrow hits the gnoll.
The gnoll is moderately wounded.
The gnoll hits you with a +0 club.
You shoot an arrow. The arrow barely misses the gnoll.
The gnoll hits you with a +0 club.
You shoot an arrow. The arrow hits the gnoll.
The gnoll is heavily wounded.
The gnoll hits you with a +0 club. x2
You die...

#########.###.#
.....>.......#
......#......#
#........#
#.##...#<.#
#.........#<##
..##.....^..#
#.##...#...##
#..g@.....)#
#..............#
.....###..##.#.+
.###. ...# .###
..... .# ....##
....# ...


You could see a gnoll.

Vanquished Creatures
  A dart slug (D:1)
  A ball python (D:1)
  4 bats (D:1)
  2 endoplasms
  3 giant cockroaches (D:1)
  3 goblins
  2 hobgoblins (D:1)
  6 jackals (D:1)
  A frilled lizard (D:2)
  2 kobolds (D:1)
  4 rats (D:1)
29 creatures vanquished.

Notes
Turn   | Place    | Note
-------+----------+-------------------------------------------
     0 | D:1      | qw the Deep Elf Hunter began the quest for the Orb.
     0 | D:1      | Reached XP level 1. HP: 12/12 MP: 3/3
     0 | D:1      | 0 ||| qw: Version: 0.3-a-22-g0ed2b0b
     0 | D:1      | 0 ||| qw: Game counter: 5622
     0 | D:1      | 0 ||| qw: Melee chars always use a shield: true
     0 | D:1      | 0 ||| qw: God list: Okawaru
     0 | D:1      | 0 ||| qw: Allow faded altars: false
     0 | D:1      | 0 ||| qw: Do Orc after clearing Dungeon:15 true
     0 | D:1      | 0 ||| qw: Do second Lair branch before Depths: true
     0 | D:1      | 0 ||| qw: Lair rune preference: random
     0 | D:1      | 0 ||| qw: Goals: Normal
     0 | D:1      | 0 ||| PLANNING D:1-11
   177 | D:1      | Reached skill level 6 in Ranged Weapons
   177 | D:1      | Reached XP level 2. HP: 16/16 MP: 4/4
   330 | D:1      | Found a faded altar of an unknown god.
   660 | D:1      | Reached XP level 3. HP: 19/20 MP: 5/5
  1155 | D:1      | 1155 ||| UPGRADING to +0 scale mail.
  1165 | D:1      | 1165 ||| DROPPING +0 leather armour.
  1166 | D:1      | 1166 ||| READING scroll labelled VAMMEM UKHLEUW.
  1267 | D:1      | 1267 ||| READING scroll labelled MIURAP TURGHET.
  1268 | D:1      | 1268 ||| READING scroll labelled AVAMECLEATES.
  1269 | D:1      | 1269 ||| DRINKING 2 sedimented silvery potions.
  1270 | D:1      | 1270 ||| DROPPING scroll of butterflies.
  1342 | D:2      | HP: 4/20 [gnoll/+0 club (3)]
  1343 | D:2      | HP: 1/20 [gnoll/+0 club (4)]
  1343 | D:2      | Slain by a gnoll

Levels and vault maps discovered:
D:1:      minmay_arrival_split_and_join, layout_basic,
          shapermc_ecumenical_altar_acropolis, nicolae_figureground_pulse
D:2:      layout_basic, serial_rivers, chequers_serial_rivers_room_b,
          chequers_serial_rivers_marsh, chequers_serial_rivers_room_a,
          chequers_serial_rivers_room_a, chequers_serial_rivers_room_a,
          minmay_tetromino_o4, uniq_sigmund

Skill      XL: |  1 |
---------------+----+-----
Ranged Weapons | 6 |  6.8
Fighting       | |  1.5
Dodging        | |  2.4
Stealth        | |  1.2

Action                     || total
---------------------------++-------
   Fire: Shortbow          ||    79
    Use: Scroll            ||     3
         Potion            ||     1
 Armour: Leather armour    ||     4
         Scale mail        ||     5
  Dodge: Dodged            ||    12

Table legend:
 A = Non-vault XP
 B = Vault XP
 C = Vault XP percentage of total XP
 D = Non-vault monster count
 E = Vault monster count
 F = Vault count percentage of total count
                 A         B        C        D         E       F
            +---------+---------+-------+---------+---------+-------
      Total |      48 |       3 |   5.9 |      27 |       2 |   6.9
            +---------+---------+-------+---------+---------+-------
        D:1 |      46 |       0 |   0.0 |      26 |       0 |   0.0
        D:2 |       2 |       3 |  60.0 |       1 |       2 |  66.7
            +---------+---------+-------+---------+---------+-------
